 Dungeon Crawl Stone Soup version 0.29-a0-271-gd4eb659eea (webtiles) character file.

Game seed: 9499954775426193787

3647 Crownlay the Thaumaturge (level 10, -3/53 HPs)
             Began as a Gargoyle Earth Elementalist on Mar 8, 2022.
             Was a Believer of Vehumet.
             Slain by an orc warrior
             ... wielding a +0 short sword
              (8 damage)
             ... on level 7 of the Dungeon.
             The game lasted 00:12:38 (8717 turns).

Crownlay the Thaumaturge (GrEE)                     Turns: 8717, Time: 00:12:39

Health: -3/53      AC: 27    Str: 10    XL:     10   Next: 12%
Magic:  24/24      EV: -5    Int: 30    God:    Vehumet [**....]
Gold:   595        SH:  0    Dex:  6    Spells: 24/30 levels left

rFire   . . .      SeeInvis .   x - +10 war axe of Resumed Hostilities {venom, rElec rCorr Int+4 Dex-5}
rCold   + . .      Faith    .   (no shield)
rNeg    + + .      Spirit   .   z - +0 crystal plate armour
rPois   ∞          Reflect  .   (no helmet)
rElec   +          Harm     .   e - +2 ratskin cloak {*Rats rPois rN+ Str-1 Int-1 Dex+1}
rCorr   +          Rampage  .   F - +1 pair of gloves
Will    .....                   h - +0 pair of boots
Stlth   ..........              g - amulet of magic regeneration
HPRegen 0.17/turn               s - ring of protection from cold
MPRegen 0.59/turn               l - +6 ring of intelligence

@: no status effects
A: sickness immunity, AC +7, negative energy resistance 1, electricity
resistance, torment resistance 1, petrification resistance
a: Renounce Religion


You were on level 7 of the Dungeon.
You worshipped Vehumet.
Vehumet was pleased with you.
You visited 2 branches of the dungeon, and saw 8 of its levels.

You collected 595 gold pieces.

Inventory:

Hand Weapons
 o - the +7 dagger of Vanity {flame, rPois Str+5}
   (You found it on level 3 of the Dungeon)

   It burns those it strikes, dealing additional fire damage.
   Str:       It affects your strength (+5).
   rPois:     It protects you from poison.
 x - the +10 war axe of Resumed Hostilities (weapon) {venom, rElec rCorr Int+4 Dex-5}
   (You found it on level 4 of the Dungeon)

   It poisons the flesh of those it strikes.
   Int:       It affects your intelligence (+4).
   Dex:       It affects your dexterity (-5).
   rElec:     It insulates you from electricity.
   rCorr:     It protects you from acid and corrosion.
Missiles
 a - 190 stones
 b - 5 javelins
Armour
 e - the +2 ratskin cloak (worn) {*Rats rPois rN+ Str-1 Int-1 Dex+1}
   (You found it on level 2 of the Dungeon)

   When the wearer is hurt, rats may emerge from it to assist them.
   Str:       It affects your strength (-1).
   Int:       It affects your intelligence (-1).
   Dex:       It affects your dexterity (+1).
   rPois:     It protects you from poison.
   rN:        It protects you from negative energy.
 h - a +0 pair of boots (worn)
 y - a +0 buckler
 z - a +0 crystal plate armour (worn)
 F - a +1 pair of gloves (worn)
Jewellery
 g - an amulet of magic regeneration (around neck)
 l - a +6 ring of intelligence (right hand)
 s - a ring of protection from cold (left hand)
 B - a ring of magical power
Wands
 n - a wand of iceblast (12)
 v - a wand of polymorph (4)
Scrolls
 p - a scroll of magic mapping
 q - a scroll of enchant armour
 r - a scroll of enchant weapon {unknown}
 t - 2 scrolls of teleportation
 w - a scroll of holy word {unknown}
 A - a scroll of brand weapon {unknown}
 D - a scroll of vulnerability {unknown}
Potions
 c - 2 potions of magic
 d - a potion of heal wounds {unknown}
 f - 2 potions of flight
 i - a potion of might {unknown}
 j - 2 potions of curing
 k - 2 potions of ambrosia {unknown}
 m - a potion of cancellation {unknown}
 u - 2 potions of degeneration {unknown}
 C - a potion of lignification {unknown}
 E - a potion of mutation {unknown}


   Skills:
 * Level 1.7 Fighting
 - Level 1.5 Dodging
 - Level 2.1 Stealth
 * Level 10.8 Spellcasting
 - Level 0.7 Transmutations
 + Level 10.4 Earth Magic


You had 24 spell levels left.
You knew the following spells:

 Your Spells              Type           Power      Damage    Failure   Level
a - Sandblast             Erth           100%       2d20      100%        1
b - Passwall              Tmut/Erth      40%        N/A       100%        2
c - Stone Arrow           Conj/Erth      94%        3d12      100%        3

Your spell library contained the following spells:

 Spells                   Type           Power      Damage    Failure   Level
 Static Discharge         Conj/Air       16%        N/A       100%        2
 Magic Dart               Conj           64%        1d6       100%        1
 Call Imp                 Summ           16%        N/A       100%        2
 Mephitic Cloud           Conj/Pois/Air  16%        N/A       100%        3
 Tukima's Dance           Hex            16%        N/A       100%        3
 Passage of Golubria      Tloc           16%        N/A       100%        4
 Petrify                  Tmut/Erth      49%        N/A       100%        4
 Metabolic Englaciation   Hex/Ice        8%         N/A       100%        5
 Yara's Violent Unravell  Hex/Tmut       9%         3d6       100%        5
 Statue Form              Tmut/Erth      Unusable   N/A       N/A         6

Dungeon Overview and Level Annotations

Branches:
Dungeon (7/15)             Temple (1/1) D:4

Altars:
Ashenzari
Cheibriados
Elyvilon
Gozag
Hepliaklqana
Kikubaaqudgha
Nemelex Xobeh
Okawaru
Qazlal
Ru
Sif Muna
Trog
Vehumet
Wu Jian
Xom
Yredelemnul
Zin


Innate Abilities, Weirdness & Mutations

You are immune to sickness and miasma.
Your stone body is resilient. (AC +7)
You are immune to poison.
You resist negative energy. (rN+)
You are resistant to electric shocks. (rElec)
You are resistant to unholy torment.
You are immune to petrification.


Message History

The orc attacks as you move away! The orc hits you but does no damage.
You slash the orc!
You kill the orc!
Vehumet accepts your kill.
Your river rat bites the orc priest.
The orc priest hits your river rat but does no damage.
Your river rat bites the orc priest!
You closely miss the orc warrior.
The orc priest hits your river rat but does no damage.
The orc warrior hits you but does no damage.
Your river rat misses the orc priest.
The orc priest closely misses your river rat.
The orc warrior hits you but does no damage.
You barely miss the orc warrior.
Your river rat bites the orc priest but does no damage.
The orc priest hits your river rat but does no damage.
The orc warrior hits you but does no damage.
Your river rat bites the orc priest.
You hit the orc warrior.
The orc warrior is poisoned.
The orc warrior is lightly wounded.
The orc priest hits your river rat but does no damage.
The orc warrior hits you with a +0 short sword!
* * * LOW HITPOINT WARNING * * *
A river rat scurries out from under your cloak.
Your river rat bites the orc priest.
The orc priest completely misses your river rat.
The orc warrior hits you with a +0 short sword!
* * * LOW HITPOINT WARNING * * *
A hell rat scurries out from under your cloak.
You closely miss the orc warrior.
The orc warrior is lightly wounded.
Your river rat bites the orc priest but does no damage.
The orc warrior hits you but does no damage.
The orc priest hits your river rat with a +0 short sword.
Your river rat barely misses the orc priest.
You hit the orc warrior.
The orc warrior looks as sick as possible!
The orc warrior is moderately wounded.
The orc warrior hits you with a +0 short sword!
You die...

### #.. #r# #r# #@#.##
#o#... #.#..#### #.#..#..
#r#....# # #o#..#.#.#
################o#...<..#.#.
...................r.)......
.###############.#..........


You could see an orc warrior (extremely poisoned, ally target), an orc priest
(distracted, ally target), an orc, a friendly hell rat and 2 friendly river
rats.

Vanquished Creatures
  A komodo dragon (D:7)
  An unseen horror (D:7)
  Prince Ribbit (D:6)
  Sigmund (D:6)
  3 yaks (D:6)
  Menkaure (D:6)
  An orc warrior (D:7)
  An ice beast (D:7)
  A sky beast (D:6)
  3 ogres
  2 centaurs (D:7)
  A phantom (D:7)
  A kobold brigand (D:7)
  Blork the orc (D:6)
  A bullfrog (D:7)
  A gnoll sergeant (D:7)
  3 scorpions
  A necrophage (D:7)
  Dowan (D:6)
  2 howler monkeys
  2 jellies
  4 hounds
  Ijyb (D:3)
  Terence (D:3)
  3 iguanas
  4 orc wizards
  8 adders
  6 gnolls
  A shadow imp (D:7)
  2 ufetubi
  2 worms (D:2)
  23 orcs
  4 ball pythons
  6 bats
  8 endoplasms
  6 giant cockroaches
  6 goblins
  13 hobgoblins
  3 jackals (D:1)
  15 kobolds
  7 quokkas
  5 frilled lizards
  11 rats
169 creatures vanquished.

Vanquished Creatures (collateral kills)
  Duvessa (D:6)
  A gnoll (D:3)
  2 orcs
  An endoplasm (D:2)
5 creatures vanquished.

Vanquished Creatures (others)
  12 toadstools (D:7)
12 creatures vanquished.

Grand Total: 186 creatures vanquished

Notes
Turn   | Place    | Note
-------+----------+-------------------------------------------
     0 | D:1      | Crownlay the Gargoyle Earth Elementalist began the quest
                  | for the Orb.
     0 | D:1      | Reached XP level 1. HP: 10/10 MP: 3/3
    34 | D:1      | Reached XP level 2. HP: 13/15 MP: 3/5
  1082 | D:1      | Reached XP level 3. HP: 19/19 MP: 7/7
  1732 | D:2      | Found the +2 ratskin cloak {*Rats rPois rN+ Str-1 Int-1
                  | Dex+1}
  1814 | D:2      | Reached XP level 4. HP: 15/24 MP: 9/9
  2270 | D:2      | Found a broken altar of Ashenzari.
  2487 | D:3      | Noticed Terence
  2496 | D:3      | Killed Terence
  2497 | D:3      | Reached XP level 5. HP: 25/28 MP: 8/11
  2517 | D:3      | Noticed Ijyb
  2767 | D:2      | Learned a level 2 spell: Passwall
  2771 | D:2      | Learned a level 3 spell: Stone Arrow
  2782 | D:3      | Identified the +7 dagger of Vanity {flame, rPois Str+5}
  2856 | D:3      | Killed Ijyb
  2857 | D:3      | Reached skill level 5 in Earth Magic
  3416 | D:3      | Reached XP level 6. HP: 32/32 MP: 13/13
  3851 | D:4      | Found Epaj's Weapon Shoppe.
  3893 | D:4      | Reached skill level 5 in Spellcasting
  4085 | D:4      | Found a staircase to the Ecumenical Temple.
  4115 | Temple   | Entered the Ecumenical Temple
  4267 | Temple   | Became a worshipper of Vehumet
  4285 | D:4      | Found a sparkling altar of Nemelex Xobeh.
  4298 | D:4      | Identified the +10 war axe of Resumed Hostilities {venom,
                  | rElec rCorr Int+4 Dex-5}
  4804 | D:4      | Reached XP level 7. HP: 36/36 MP: 12/15
  4851 | D:5      | Entered Level 5 of the Dungeon
  5228 | D:5      | Reached * piety under Vehumet
  5228 | D:5      | Offered knowledge of Foxfire by Vehumet.
  5829 | D:6      | Noticed Sigmund
  5838 | D:6      | Killed Sigmund
  5839 | D:6      | Reached XP level 8. HP: 36/41 MP: 16/18
  5888 | D:6      | Noticed Blork the orc
  5894 | D:6      | Killed Blork the orc
  5938 | D:6      | Noticed Prince Ribbit
  5953 | D:6      | Killed Prince Ribbit
  6333 | D:6      | Noticed a yak
  6336 | D:6      | Noticed a yak
  6337 | D:6      | Noticed a yak
  6340 | D:6      | Killed a yak
  6346 | D:6      | Killed a yak
  6347 | D:6      | Reached XP level 9. HP: 16/45 MP: 21/21
  6572 | D:6      | Noticed Menkaure
  6579 | D:6      | Killed Menkaure
  6833 | D:6      | Noticed Dowan
  6837 | D:6      | Noticed Duvessa
  6840 | D:6      | Killed Dowan
  6846 | D:6      | Killed Duvessa
  7202 | D:6      | Identified the +5 rapier "Buvorchu" {drain, Dex+3}
  7325 | D:7      | Noticed a komodo dragon
  7339 | D:7      | Killed a komodo dragon
  7365 | D:7      | Reached skill level 10 in Spellcasting
  7385 | D:7      | Reached ** piety under Vehumet
  7393 | D:7      | Offered knowledge of Static Discharge by Vehumet.
  7503 | D:7      | Reached skill level 10 in Earth Magic
  7844 | D:7      | Killed an unseen horror
  7845 | D:7      | Reached XP level 10. HP: 10/50 MP: 24/24
  8319 | D:7      | Reached skill level 1 in Fighting
  8717 | D:7      | Slain by an orc warrior

Illustrated notes

Levels and vault maps discovered:
D:1:      minmay_arrival_radiant_lines, layout_basic,
          chequers_serial_rivers_large_b
D:2:      layout_loops_cross, basic_altar, minmay_rat_gold_closets
D:3:      layout_loops_ring, serial_glass, glass_columns_b, glass_columns_a,
          uniq_ijyb, uniq_terence
D:4:      layout_loops_ring, mainiacjoe_overflow_brackets,
          minmay_temple_entry_hall, serial_shops, nicolae_shop_window_shopping,
          kennysheep_generic_room_15
D:5:      layout_basic
D:6:      layout_cave_pools, minivault_27, kennysheep_flooded_box, uniq_sigmund,
          uniq_duvessa, uniq_blork_the_orc, uniq_prince_ribbit1, uniq_menkaure
D:7:      cheibrodos_fertilizer, layout_basic, minmay_fractal_squares_5
Temple:   eino_temple_scatter_basement

Skill      XL: |  1  2  3  4  5  6  7  8  9 10 |
---------------+-------------------------------+-----
Earth Magic    | 4 5 6 7 8 10 | 10.4
Spellcasting   | 3 4 5 7 8 10 | 10.8
Fighting       | 1 |  1.7
Dodging        | |  1.5
Stealth        | |  2.1
Transmutations | |  0.7

Action                   |  1- 3 |  4- 6 |  7- 9 | 10-12 || total
-------------------------+-------+-------+-------+-------++-------
Melee: Unarmed           |    23 |       |       |       ||    23
       Punch             |     2 |       |     1 |       ||     3
       Spear             |    89 |       |       |       ||    89
       Long sword        |     5 |    45 |       |       ||    50
       Dagger            |       |    77 |       |       ||    77
       War axe           |       |    16 |   189 |    33 ||   238
 Cast: Sandblast         |    20 |    28 |     9 |       ||    57
  Use: Scroll            |       |     2 |     3 |       ||     5
 Stab: Sleeping          |     3 |    11 |       |       ||    14
       Distracted        |       |     1 |       |       ||     1
Armor: Robe              |    43 |    54 |    24 |       ||   121
       Crystal plate arm |       |       |   248 |    40 ||   288
Dodge: Dodged            |    92 |    85 |    42 |     4 ||   223

Table legend: (Time is in decaauts)
 A = Elapsed time spent in this place.
 B = Non-inter-level travel time spent in this place.
 C = Inter-level travel time spent in this place.
 D = Time resting spent in this place.
 E = Time spent auto-exploring this place.
 F = Levels seen in this place.
 G = Mean time per level.
                   A        B        C        D        E       F      G
               +--------+--------+--------+--------+--------+-----+--------+
         Total |   8896 |   8657 |    239 |      0 |   7086 |   8 | 1112.0 |
       Dungeon |   8731 |   8501 |    230 |      0 |   6952 |   7 | 1247.3 |
        Temple |    164 |    155 |      9 |      0 |    134 |   1 |  164.0 |
               +--------+--------+--------+--------+--------+-----+--------+

Top non-repeatable levels by time:
     D:1: 1509 daAuts
     D:7: 1467 daAuts
     D:6: 1292 daAuts
     D:2: 1285 daAuts
     D:5: 1162 daAuts
     D:3: 1039 daAuts
     D:4: 974 daAuts
  Temple: 164 daAuts
